 Dungeon Crawl Stone Soup version 0.30.0 (webtiles) character file.

Game seed: 7799859760077593655

625 Onihyuma the Chopper (level 7, -1/61 HPs)
             Began as a Minotaur Berserker on Oct 6, 2023.
             Was a Believer of Trog.
             Shot with an arrow by a centaur (3 damage)
             ... on level 5 of the Dungeon.
             The game lasted 00:23:59 (3767 turns).

Onihyuma the Chopper (Minotaur Berserker)           Turns: 3767, Time: 00:24:00

Health: -1/61      AC:  8    Str: 24    XL:     7   Next: 23%
Magic:  0/6        EV: 10    Int:  4    God:    Trog [**....]
Gold:   268        SH:  0    Dex:  9    Spells: 6/6 levels left

rFire   x . .        i - +4 hand axe
rCold   + . .        (no shield)
rNeg    . . .        g - +0 scale mail
rPois   .            (helmet restricted)
rElec   .            (no cloak)
rCorr   .            w - +0 pair of gloves
SInv    .            (no boots)
Will    .....        d - amulet of guardian spirit Stlth
                     f - ring of ice
HPRegen 0.30/turn    (no ring)
MPRegen 0.10/turn

%: guardian spirit
@: on berserk cooldown, slowed, very slow
A: horns 2, retaliatory headbutt
a: Renounce Religion, Berserk, Trog's Hand


You were on level 5 of the Dungeon.
You worshipped Trog.
Trog was pleased with you.
You visited 2 branches of the dungeon, and saw 6 of its levels.

You collected 268 gold pieces.

Inventory:

Hand Weapons
 a - a +0 hand axe
 i - a +4 hand axe (weapon)
Missiles
 j - 7 poisoned darts (quivered)
 m - 3 atropa-tipped darts
 o - 3 boomerangs of dispersal
Armour
 c - a +0 helmet
 g - a +0 scale mail (worn)
 k - a +0 ring mail
 w - a +0 pair of gloves (worn)
Jewellery
 d - an amulet of guardian spirit (around neck)
 f - a ring of ice (left hand)
Wands
 x - a wand of polymorph (5)
Scrolls
 h - a scroll of silence
 l - a scroll of amnesia {unknown}
 n - a scroll of poison
 p - a scroll of immolation
 q - a scroll of identify
 t - a scroll of brand weapon {unknown}
 u - a scroll of magic mapping
Potions
 b - a potion of attraction
 r - a potion of flight
 s - 2 potions of heal wounds
 v - a potion of lignification


   Skills:
 + Level 5.2 Fighting
 * Level 7.8 Axes
 + Level 0.6 Throwing
 + Level 4.9 Armour
 - Level 2.2 Dodging
 + Level 1.5 Stealth


You had 6 spell levels left.
You didn't know any spells.
Your spell library contained the following spells:

 Spells                   Type           Power      Damage    Failure   Level
 Beastly Appendage        Tmut           0%         N/A       80%         1
 Wereblood                Tmut           0%         N/A       90%         2
 Inner Flame              Hex/Fire       0%         N/A       99%         3
 Spider Form              Tmut/Pois      0%         N/A       99%         3
 Flame Wave               Conj/Fire      0%         2d4       100%        4
 Sticky Flame             Conj/Fire      0%         2d3       100%        4
 Summon Forest            Summ/Tloc      0%         N/A       100%        5
 Eringya's Noxious Bog    Tmut/Pois      0%         N/A       100%        6
 Summon Hydra             Summ           0%         N/A       100%        7


Dungeon Overview and Level Annotations

Branches:
Dungeon (5/15)             Temple (1/1) D:4

Altars:
Cheibriados
Elyvilon
Fedhas
Okawaru
Ru
Trog
Uskayaw
Vehumet
Wu Jian


Innate Abilities, Weirdness & Mutations

You have a pair of horns on your head.
You reflexively headbutt those who attack you in melee.


Message History

You feel yourself moving faster!
You feel mighty!
The centaur shoots an arrow.
The arrow hits you.
You feel a strong urge to attack something.
The centaur shoots an arrow.
The arrow hits you but does no damage.
You slash the bush!
The bush is lightly damaged.
The centaur shoots an arrow.
The arrow hits you.
You slash the bush!
The bush is moderately damaged.
The centaur shoots an arrow.
The arrow hits you!
You hit the bush. You headbutt the bush!
The bush is moderately damaged.
The centaur shoots an arrow.
The arrow hits you!
* * * LOW HITPOINT WARNING * * *
You hit the bush but do no damage.
The bush is moderately damaged.
You hit the bush. You headbutt the bush.
The bush is moderately damaged.
The centaur shoots an arrow.
The arrow hits you.
* * * LOW HITPOINT WARNING * * *
You slash the bush!
The bush is moderately damaged.
The centaur unwields a +0 shortbow.
The centaur hits the bush but does no damage.
The centaur kicks the bush but does no damage.
The centaur wields a +0 shortbow.
The centaur shoots an arrow.
The arrow hits you.
* * * LOW HITPOINT WARNING * * *
You feel a strong urge to attack something.
The centaur unwields a +0 shortbow.
The centaur hits the bush.
The centaur kicks the bush but does no damage.
You feel your anger nearly subside.
You are no longer berserk.
You are exhausted.
You feel yourself slow down.
The centaur wields a +0 shortbow.
The centaur shoots an arrow.
The arrow hits you.
* * * LOW HITPOINT WARNING * * *
The centaur shoots an arrow.
The arrow hits you!
* * * LOW HITPOINT WARNING * * *
The centaur shoots an arrow.
The arrow hits you.
You die...

...... ...... ...... .
.... .#.#.#.#
..#+####.......
.≈≈####......#.#.#.#.#..#
.≈...cP.[...............#
.≈≈####..)..#.#.#.#.#.#.#
.......#@...............#
.......#...#.#.#.#.#.#.#.
.......'................#
.......#....#.#.#.#.#.#.#
.......#...#............#
...######+##.#.#.#.#.#..#
... +............#
#..#.#.#.#...#
#............#


You could see a centaur.

Vanquished Creatures
  The ghost of JaredAshtonScott the Changer, an amateur OpTm of Ru (D:4)
  2 scorpions (D:4)
  A water moccasin skeleton (D:4)
  2 orc priests (D:4)
  A hound (D:4)
  A centaur skeleton (D:4)
  2 orc wizards (D:4)
  A mummy (D:4)
  5 adders
  A worm (D:2)
  A dart slug (D:4)
  8 orcs
  6 bats
  4 endoplasms
  4 giant cockroaches
  7 goblins
  A hobgoblin (D:2)
  7 jackals
  A quokka (D:1)
  7 ball pythons
  3 kobolds
66 creatures vanquished.

Vanquished Creatures (others)
  16 demonic plants (D:1)
  11 fungi (D:1)
  7 plants
  9 withered plants (D:1)
43 creatures vanquished.

Grand Total: 109 creatures vanquished

Notes
Turn   | Place    | Note
-------+----------+-------------------------------------------
     0 | D:1      | Onihyuma the Minotaur Berserker began the quest for the
                  | Orb.
     0 | D:1      | Reached XP level 1. HP: 19/19 MP: 0/0
    57 | D:1      | Found a faded altar of an unknown god.
   310 | D:1      | Reached skill level 4 in Axes
   321 | D:1      | Reached XP level 2. HP: 27/27 MP: 1/1
   746 | D:2      | Reached XP level 3. HP: 33/33 MP: 2/2
  1280 | D:2      | Reached skill level 5 in Axes
  1878 | D:3      | Reached ** piety under Trog
  1951 | D:3      | Reached XP level 4. HP: 41/41 MP: 3/3
  2396 | D:4      | Noticed a scorpion
  2404 | D:4      | Killed a scorpion
  2405 | D:4      | Reached XP level 5. HP: 47/47 MP: 4/4
  2442 | D:4      | Found a staircase to the Ecumenical Temple.
  2452 | Temple   | Entered the Ecumenical Temple
  2686 | D:4      | Reached skill level 6 in Axes
  2699 | D:4      | Reached skill level 1 in Stealth
  2769 | D:4      | Reached XP level 6. HP: 45/53 MP: 3/5
  2933 | D:4      | Found a transporter.
  3246 | D:4      | Found a sacrificial altar of Ru.
  3325 | D:4      | Reached skill level 7 in Axes
  3567 | D:4      | Found a transporter.
  3568 | D:4      | Noticed JaredAshtonScott's ghost (amateur OpTm)
  3609 | D:4      | Reached skill level 5 in Fighting
  3610 | D:4      | Killed JaredAshtonScott's ghost
  3611 | D:4      | Reached XP level 7. HP: 61/61 MP: 6/6
  3709 | D:5      | Entered Level 5 of the Dungeon
  3767 | D:5      | HP: 2/61 [centaur/arrow (9)]
  3767 | D:5      | Shot with an arrow by a centaur

Illustrated notes

Levels and vault maps discovered:
D:1:      roderic_dead_forest, layout_rooms, shapermc_ecumenical_altar_gd
D:2:      layout_loops_ring, minmay_misc_feat_tower
D:3:      layout_basic
D:4:      layout_basic, nicolae_ru_the_path_less_chosen,
          minmay_temple_entry_arrows, gammafunk_ghost_mausoleum,
          interstate_on_off, minmay_surrounded
D:5:      layout_gridville, mainiacjoe_overflow_alcove_4,
          eino_small_chamber_without_monster, kb_lookout_dungeons_type,
          st_stairs_10, hex_medium, hangedman_abyss_or_decor_passed,
          nrook_campfire, amcnicky_mini_corridor_feature
Temple:   nicolae_temple_ecumenical_triangle

Skill      XL: |  1  2  3  4  5  6 |
---------------+-------------------+-----
Axes           | 4 5 6 7 |  7.8
Fighting       | 4 5 |  5.2
Armour         | 3 4 |  4.9
Stealth        | 1 |  1.5
Throwing       | |  0.6
Dodging        | |  2.2

Action                     |  1- 3 |  4- 6 |  7- 9 || total
---------------------------+-------+-------+-------++-------
  Melee: Hand axe          |   140 |    83 |     6 ||   229
         Headbutt          |    30 |    12 |     2 ||    44
         Punch             |     2 |       |       ||     2
  Throw: Javelin           |     1 |     2 |     2 ||     5
 Invoke: Berserk           |     2 |     3 |     1 ||     6
         Trog's Hand       |       |     2 |       ||     2
    Use: Potion            |     8 |     4 |       ||    12
         Scroll            |     3 |     1 |       ||     4
   Stab: Invisible         |       |     1 |       ||     1
 Armour: Animal skin       |     9 |       |       ||     9
         Ring mail         |    19 |    27 |       ||    46
         Skin              |       |    16 |       ||    16
         Scale mail        |       |       |     1 ||     1
  Dodge: Dodged            |    44 |    55 |     2 ||   101
